Map: Abyssal Reef LE

Players

Metasapien - Winner!

  • Race: Zerg Zerg
  • League: Gold
  • Spawn Location: 5:00

A.I. 1 (Very Hard)

  • Race: Protoss Protoss
  • Spawn Location: 11:00

VOD

Have the link to the VOD?

Description

Time

  • Played on: Sept. 2, 2017, 8:44 p.m.
  • Length: 17:56
Show
View Real Time Build Order
Export as new Build Order

Metasapien Zerg - Winner!

Build Orders: Hatch First 

Get SALT Encoding   

  12  0:01  Drone  
  13  0:13  Overlord  
  13  0:18  Drone  
  14  0:32  Drone  
  14  0:33  Drone  
  16  0:40  Drone  
  17  0:58  Hatchery, Drone  
  17  1:01  Extractor  
  16  1:05  Drone  
  17  1:21  Spawning Pool  
  16  1:27  Drone  
  16  1:28  Drone  
  16  1:30  Drone  
  19  1:43  Drone  
  20  1:51  Overlord  
  20  2:12  Queen  
  22  2:19  Hatchery, Extractor  
  22  2:20  Metabolic Boost  
  20  2:28  Drone  
  20  2:29  Drone  
  22  2:33  Drone  
  23  2:37  Zergling x2  
  23  2:41  Drone  
  25  2:52  Queen  
  27  2:59  Drone x2  
  29  3:06  Drone  
  29  3:07  Overlord  
  29  3:08  Drone  
  31  3:17  Roach Warren  
  30  3:27  Drone x3  
  30  3:33  Drone  
  34  3:35  Queen  
  36  3:41  Drone  
  36  3:42  Drone  
  36  3:48  Drone x2  
  39  3:50  Drone  
  39  3:52  Overlord  
  42  3:55  Drone  
  42  4:04  Roach  
  42  4:05  Drone x2  
  42  4:06  Drone  
  42  4:08  Drone  
  48  4:11  Extractor  
  48  4:13  Extractor, Lair  
  46  4:29  Drone x2  
  46  4:31  Overlord x2  
  48  4:32  Drone x2  
  48  4:33  Drone x2  
  52  4:39  Drone  
  52  4:41  Drone x2  
  52  4:42  Drone  
  52  4:43  Drone  
  57  4:45  Extractor  
  57  4:47  Extractor  
  55  4:56  Drone  
  55  4:57  Drone  
  57  5:10  Drone x4  
  57  5:11  Drone x2  
  57  5:13  Drone  
  64  5:14  Evolution Chamber, Drone  
  64  5:15  Evolution Chamber  
  64  5:19  Hydralisk Den  
  62  5:22  Spire  
  62  5:23  Glial Reconstitution  
  62  5:28  Roach x2  
  65  5:29  Roach x2  
  65  5:33  Drone x3  
  65  5:35  Overlord  
  72  5:44  Zerg Missile Weapons Level 1, Zerg Ground Armor Level 1  
  72  5:58  Drone  
  72  6:01  Pneumatized Carapace  
  72  6:02  Burrow  
  73  6:04  Overlord x2  
  73  6:05  Overlord  
  73  6:11  Overlord  
  73  6:14  Hydralisk  
  73  6:15  Hydralisk x2  
  73  6:16  Hydralisk  
  81  6:31  Drone x4  
  85  6:35  Hatchery  
  85  6:37  Drone  
  85  6:39  Drone  
  87  6:40  Drone x4  
  87  6:42  Roach x3  
  96  6:53  Overseer  
  96  7:00  Zergling x6  
  96  7:01  Zergling x4  
  101  7:02  Zergling x4  
  101  7:03  Overlord  
  101  7:04  Overlord  
  103  7:14  Queen  
  105  7:18  Extractor  
  105  7:20  Muscular Augments, Tunneling Claws  
  105  7:22  Extractor  
  103  7:27  Roach  
  103  7:28  Roach x3  
  103  7:29  Roach, Hydralisk x2  
  117  7:32  Overlord x2  
  117  7:39  Zerg Missile Weapons Level 2  
  117  7:41  Zerg Ground Armor Level 2  
  117  7:48  Queen  
  119  8:04  Queen  
  121  8:06  Hydralisk x2  
  121  8:07  Roach x3, Overlord, Hydralisk  
  121  8:08  Roach, Overlord, Hydralisk x2  
  121  8:09  Roach  
  141  8:40  Infestation Pit  
  140  8:55  Overlord x2  
  140  8:56  Overlord x3  
  140  8:58  Hatchery  
  139  9:04  Drone x4  
  139  9:05  Drone  
  139  9:07  Drone x5  
  139  9:08  Drone  
  139  9:09  Drone x2  
  153  9:10  Drone  
  153  9:11  Drone x3  
  156  9:19  Overlord x3  
  136  9:33  Hydralisk x2  
  136  9:34  Roach x3, Hydralisk x3  
  136  9:35  Roach x4  
  124  9:46  Hydralisk x2  
  124  9:47  Roach x2, Hydralisk  
  124  9:48  Roach  
  122  10:09  Hive  
  122  10:13  Zerg Flyer Armor Level 1  
  120  10:16  Roach, Hydralisk x4  
  120  10:17  Roach x3, Hydralisk x2, Spire  
  139  10:23  Drone x2  
  141  10:32  Drone  
  141  10:33  Drone x5  
  141  10:34  Drone  
  148  10:40  Hatchery  
  147  10:46  Nydus Network  
  146  10:50  Ravager x2  
  146  10:52  Roach x4  
  146  10:53  Roach x2, Hydralisk x5  
  146  10:54  Corruptor x3  
  176  11:16  Drone x3  
  176  11:17  Drone  
  180  11:20  Extractor  
  180  11:21  Extractor  
  180  11:25  Hydralisk x4  
  180  11:26  Roach x5, Hydralisk x2  
  200  11:55  Spine Crawler  
  200  11:57  Spine Crawler  
  167  12:21  Ravager x3  
  167  12:22  Ravager  
  163  12:24  Ravager x2  
  156  12:51  Zerg Missile Weapons Level 3  
  156  12:52  Zerg Ground Armor Level 3  
  156  12:53  Greater Spire  
  156  12:59  Zerg Flyer Weapons Level 1  
  156  13:00  Corruptor x6  
  156  13:01  Hydralisk x3  
  156  13:02  Roach x4, Hydralisk x4  
  156  13:03  Roach x3  
  196  13:26  Extractor  
  195  13:27  Extractor  
  186  13:35  Zergling x2  
  186  13:36  Zergling x30  
  197  13:43  Adrenal Glands  
  197  13:47  Ultralisk Cavern  
  194  13:50  Hatchery  
  194  13:51  Hatchery  
  187  14:20  Brood Lord  
  187  14:21  Brood Lord x3  
  187  14:22  Brood Lord x2  
  199  14:24  Zerg Flyer Armor Level 2  
  184  14:50  Zergling x30  
  184  14:51  Zergling x2  
  189  15:29  Zerg Melee Weapons Level 1  
  189  15:33  Ultralisk  
  195  15:51  Queen x2  
  199  17:46  Extractor  
  199  17:47  Extractor  
  199  17:50  Extractor x2  
Show
View Real Time Build Order
Export as new Build Order

A.I. 1 (Very Hard) Protoss 

Build Orders: Zealot Archon 

Get SALT Encoding   

  12  0:01  Probe (Chrono Boost)  
  13  0:11  Probe (Chrono Boost)  
  14  0:19  Pylon  
  14  0:22  Probe (Chrono Boost)  
  15  0:37  Probe (Chrono Boost)  
  15  0:39  Gateway  
  16  0:47  Assimilator  
  16  0:48  Probe (Chrono Boost)  
  17  0:58  Probe (Chrono Boost)  
  17  1:00  Pylon  
  18  1:09  Probe (Chrono Boost)  
  19  1:20  Probe (Chrono Boost)  
  19  1:24  Zealot  
  20  1:30  Cybernetics Core  
  20  1:31  Probe (Chrono Boost)  
  23  1:43  Probe (Chrono Boost)  
  25  1:54  Probe (Chrono Boost)  
  25  1:56  Zealot  
  25  1:58  Gateway  
  25  2:00  Pylon  
  27  2:05  Probe (Chrono Boost)  
  28  2:25  Warp Gate  
  28  2:29  Nexus  
  28  2:36  Probe (Chrono Boost)  
  29  2:41  Assimilator  
  29  2:48  Adept, Probe (Chrono Boost)  
  32  2:54  Adept  
  35  2:59  Probe (Chrono Boost)  
  35  3:08  Pylon  
  35  3:11  Probe (Chrono Boost)  
  36  3:14  Adept  
  38  3:24  Stalker  
  41  3:28  Probe (Chrono Boost)  
  41  3:40  Probe (Chrono Boost)  
  43  3:41  Probe (Chrono Boost)  
  43  3:43  Robotics Facility  
  43  3:51  Probe (Chrono Boost)  
  43  3:53  Probe (Chrono Boost)  
  45  3:55  Adept  
  48  4:03  Probe (Chrono Boost)  
  48  4:04  Adept, Probe (Chrono Boost)  
  51  4:15  Probe (Chrono Boost)  
  51  4:16  Probe (Chrono Boost)  
  53  4:17  Pylon  
  53  4:26  Probe (Chrono Boost)  
  53  4:27  Probe (Chrono Boost)  
  53  4:28  Immortal  
  59  4:32  Stalker  
  59  4:37  Pylon, Probe (Chrono Boost)  
  63  4:39  Probe (Chrono Boost)  
  63  4:44  Stalker  
  65  4:49  Probe (Chrono Boost)  
  65  4:51  Probe (Chrono Boost)  
  67  4:56  Robotics Facility  
  67  4:59  Stalker  
  70  5:00  Probe (Chrono Boost)  
  70  5:04  Immortal  
  70  5:10  Probe (Chrono Boost)  
  70  5:11  Probe (Chrono Boost)  
  76  5:17  Pylon  
  76  5:18  Pylon  
  76  5:23  Sentry  
  76  5:25  Twilight Council  
  78  5:36  Assimilator, Probe (Chrono Boost)  
  78  5:41  Assimilator, Probe (Chrono Boost)  
  80  5:49  Pylon  
  80  5:51  Gateway  
  80  5:58  Zealot  
  80  5:59  Probe (Chrono Boost)  
  80  6:00  Probe (Chrono Boost)  
  84  6:08  Templar Archives  
  84  6:10  Probe (Chrono Boost)  
  85  6:12  Probe (Chrono Boost)  
  85  6:13  Pylon  
  86  6:21  Probe (Chrono Boost)  
  87  6:29  Stalker  
  87  6:31  Nexus  
  89  6:34  Stalker  
  91  6:42  Pylon  
  91  6:46  High Templar  
  93  6:50  Pylon, Stalker  
  95  6:54  High Templar  
  97  7:05  Archon  
  97  7:11  Observer, Zealot  
  97  7:15  High Templar  
  102  7:17  Warp Prism  
  102  7:22  Gateway  
  104  7:24  Stalker  
  104  7:25  Pylon  
  104  7:29  Pylon  
  106  7:30  High Templar  
  106  7:35  Pylon  
  106  7:36  Pylon  
  108  7:42  Archon  
  109  7:45  Probe x3 (Chrono Boost)  
  109  7:46  Sentry, High Templar  
  115  7:56  Assimilator, Probe (Chrono Boost)  
  115  7:57  Probe (Chrono Boost)  
  115  7:58  Pylon, Assimilator, Probe (Chrono Boost)  
  118  8:00  High Templar  
  120  8:07  Probe (Chrono Boost)  
  120  8:09  High Templar, Probe (Chrono Boost)  
  120  8:10  Probe (Chrono Boost)  
  120  8:12  Archon  
  125  8:14  Pylon  
  125  8:15  Gateway  
  125  8:19  Probe (Chrono Boost)  
  126  8:21  Probe x2 (Chrono Boost)  
  126  8:23  High Templar  
  130  8:30  Probe (Chrono Boost)  
  130  8:32  High Templar  
  130  8:33  Probe x2 (Chrono Boost)  
  135  8:37  Archon  
  135  8:39  Warp Prism  
  135  8:41  High Templar, Probe (Chrono Boost)  
  138  8:44  Zealot, Probe (Chrono Boost)  
  143  8:51  Probe (Chrono Boost)  
  143  8:54  Zealot  
  145  9:02  High Templar  
  147  9:03  High Templar  
  147  9:06  Psionic Storm  
  147  9:09  Zealot  
  151  9:11  Gateway  
  151  9:15  Nexus, Stalker  
  151  9:16  Archon  
  153  9:21  Zealot  
  153  9:22  Immortal  
  159  9:26  Immortal  
  159  9:28  Zealot  
  147  9:31  Zealot  
  147  9:33  Zealot  
  147  9:37  Adept  
  135  9:40  Stalker  
  125  9:46  Zealot  
  125  9:50  Forge, Stalker  
  125  9:52  Stalker  
  131  9:53  Forge  
  131  9:56  Sentry  
  133  10:02  Adept  
  133  10:03  Archon  
  133  10:06  Stalker x2  
  135  10:13  High Templar  
  120  10:14  Sentry  
  120  10:18  Zealot  
  120  10:20  High Templar  
  120  10:21  Observer  
  126  10:27  Stalker  
  129  10:28  Photon Cannon, Zealot  
  129  10:35  Nexus, Assimilator  
  131  10:36  Stalker  
  131  10:37  Pylon  
  131  10:38  High Templar, Archon  
  131  10:39  Assimilator  
  135  10:47  High Templar  
  137  10:56  High Templar  
  139  10:59  Photon Cannon  
  139  11:00  Archon  
  139  11:03  Pylon  
  139  11:04  High Templar  
  139  11:06  Gateway  
  141  11:12  High Templar  
  141  11:18  High Templar, Archon  
  143  11:24  Photon Cannon  
  145  11:26  High Templar  
  145  11:27  Photon Cannon  
  145  11:29  Photon Cannon  
  147  11:33  High Templar, Photon Cannon  
  147  11:35  Stalker  
  147  11:37  Stalker  
  153  11:41  Archon  
  153  11:45  High Templar  
  155  11:52  High Templar  
  157  11:55  Assimilator, Archon  
  157  11:58  Observer, Zealot  
  157  11:59  Observer, Zealot x2  
  157  12:00  Zealot  
  163  12:01  Zealot  
  163  12:02  Nexus, Pylon  
  163  12:07  Assimilator  
  145  12:14  Zealot  
  127  12:16  Adept, Immortal  
  127  12:17  Adept  
  127  12:18  Zealot  
  127  12:19  Zealot  
  127  12:20  Zealot  
  127  12:22  Stalker  
  131  12:23  Archon  
  121  12:32  Zealot  
  121  12:35  Adept, Forge  
  121  12:36  Adept, Zealot  
  103  12:38  High Templar, Zealot  
  103  12:39  Probe (Chrono Boost)  
  103  12:43  Zealot  
  105  12:44  Robotics Facility  
  105  12:50  Pylon  
  105  12:51  Stalker  
  105  12:54  High Templar, Stalker  
  105  12:55  Zealot  
  105  12:57  Stalker  
  115  12:59  Photon Cannon  
  115  13:05  Zealot  
  115  13:07  Archon  
  115  13:08  Sentry  
  115  13:11  Photon Cannon  
  119  13:12  Zealot  
  119  13:13  Zealot  
  119  13:15  Zealot  
  119  13:16  Probe (Chrono Boost)  
  119  13:17  Photon Cannon  
  119  13:18  Zealot  
  119  13:19  Probe (Chrono Boost)  
  124  13:20  Probe x2 (Chrono Boost)  
  124  13:21  Probe (Chrono Boost)  
  124  13:23  Sentry, High Templar  
  124  13:24  Protoss Ground Armor Level 1  
  125  13:27  Probe (Chrono Boost)  
  125  13:30  High Templar  
  125  13:31  Adept, Zealot  
  125  13:33  Stalker  
  105  13:37  Zealot  
  88  13:44  Stalker  
  84  13:50  Sentry, Probe (Chrono Boost), Stalker  
  84  13:53  Zealot  
  84  13:55  High Templar  
  88  13:56  Probe (Chrono Boost), Stalker  
  88  13:58  Probe (Chrono Boost)  
  88  13:59  High Templar  
  87  14:06  Adept  
  85  14:12  Sentry, Adept, Stalker  
  85  14:15  Probe (Chrono Boost)  
  85  14:16  Probe (Chrono Boost)  
  89  14:17  Stalker  
  89  14:24  Sentry, Adept, Stalker  
  81  14:25  Stalker  
  81  14:26  Probe (Chrono Boost)  
  81  14:29  Stalker  
  71  14:31  Probe (Chrono Boost)  
  71  14:33  Zealot  
  71  14:34  Adept  
  56  14:41  Probe (Chrono Boost)  
  56  14:43  Stalker  
  56  14:44  Probe (Chrono Boost)  
  56  14:45  Adept  
  56  14:47  Sentry, High Templar  
  56  14:51  Zealot  
  49  15:04  High Templar  
  49  15:05  High Templar  
  35  15:09  High Templar  
  24  15:16  High Templar  
  24  15:19  Nexus  
  23  15:25  Nexus  
  18  15:52  Nexus  
  18  16:20  Pylon  
  18  16:39  Nexus  
  5  16:55  Probe (Chrono Boost)  
Tags
 
Composition
Zealot Archon
League
Gold
Matchup
PvZ
Replay Pack
replays_090417
Spawn Locations
Cross Positions
Add a new tag
Caveats
  • Supply blocks, unpowered buildings, or Contaminate may cause inaccurate times.
  • Supply counts are checked every 10 seconds.